 Dungeon Crawl Stone Soup version 0.23-a0-242-g2b5ca64 (console) character file.

274 nht the Skirmisher (level 6, -4/57 HPs)
             Began as a Hill Orc Assassin on Sept 28, 2018.
             Slain by a worker ant (5 damage)
             ... on level 3 of the Dungeon.
             The game lasted 00:04:59 (2613 turns).

nht the Skirmisher (Hill Orc Assassin)              Turns: 2613, Time: 00:05:00

Health: -4/57      AC:  4    Str: 16    XL:     6   Next: 24%
Magic:  6/6        EV: 11    Int: 11    God:
Gold:   170        SH:  0    Dex: 12    Spells: 5/5 levels left

rFire    + . .     SeeInvis +   a - +2 dagger
rCold    . . .     Gourm    .   (no shield)
rNeg     . . .     Faith    .   c - +0 robe
rPois    .         Spirit   .   (no helmet)
rElec    .         Reflect  .   d - +1 cloak
rCorr    .         Harm     .   (no gloves)
MR       .....                  (no boots)
Stlth    ++........             (no amulet)
HPRegen  0.19/turn              p - ring of protection from fire
MPRegen  0.10/turn              m - ring of see invisible

@: lethally poisoned (-4 -> -17)
A: no striking features
a: no special abilities


You were on level 3 of the Dungeon.
You were hungry.

You visited 1 branch of the dungeon, and saw 4 of its levels.

You collected 170 gold pieces.

Inventory:

Hand Weapons
 a - a +2 dagger (weapon)
 b - a +1 blowgun
Missiles
 e - 20 poisoned needles
 f - 6 curare-tipped needles
 l - a javelin (quivered)
Armour
 c - a +0 robe (worn)
 d - a +1 cloak (worn)
Jewellery
 m - a ring of see invisible (right hand)
 p - a ring of protection from fire (left hand)
Scrolls
 h - 2 scrolls of identify
 j - 3 scrolls of teleportation
 o - a scroll of remove curse
 q - a scroll of magic mapping {unknown}
 r - a scroll of amnesia {unknown}
 s - a scroll of immolation {unknown}
Potions
 i - a potion of magic
 n - 2 potions of agility
Comestibles
 g - 5 rations
 k - 3 chunks of flesh


   Skills:
 + Level 5.7 Fighting
 - Level 2.0 Short Blades
 + Level 4.2 Throwing
 - Level 0.7 Dodging
 - Level 3.2 Stealth


You had 5 spell levels left.
You didn't know any spells.
Your spell library was empty.

Dungeon Overview and Level Annotations

Branches:
Dungeon (4/15)
 Temple: D:4-7

Altars:
Ru
Uskayaw


Message History

You throw a javelin.
The javelin closely misses the worker ant.
* * * LOW HITPOINT WARNING * * *
You feel very sick. The worker ant barely misses you.
Throwing (i - inventory)
l - 3 javelins (quivered)
Press: ? - help, Shift-Dir - straight line, f/p - worker ant
Aim: a worker ant (moderately wounded)
You throw a javelin.
The javelin closely misses the worker ant.
* * * LOW HITPOINT WARNING * * *
You feel sick. The worker ant closely misses you. x2
Throwing (i - inventory)
l - 2 javelins (quivered)
Press: ? - help, Shift-Dir - straight line, f/p - worker ant
Aim: a worker ant (moderately wounded)
You throw a javelin. The javelin hits the worker ant.
The worker ant is heavily wounded.
* * * LOW HITPOINT WARNING * * *
You feel sick. The worker ant bites you.
You die... ████ ██████

█████.█.█
█...█.█.█
██████.█.█.█
....█...█.█
█.█.█.█.█.█
█.█.█.███.
█.....█
████...████
█.)@a........█
█...█.████████
█.█.█.█
█.███.█ █ ..█
███


You could see a worker ant.

Vanquished Creatures
  An orc priest (D:4)
  An orc wizard (D:4)
  Terence (D:2)
  An iguana (D:4)
  A hound skeleton (D:4)
  3 gnolls (D:3)
  3 adders
  An ooze (D:2)
  4 worms
  A dart slug (D:1)
  A leopard gecko (D:2)
  7 orcs
  9 bats
  4 giant cockroaches
  5 goblins
  9 hobgoblins
  4 jackals (D:1)
  A ball python (D:3)
  7 frilled lizards
  9 kobolds
  8 rats
81 creatures vanquished.

Notes
Turn   | Place    | Note
-------+----------+-------------------------------------------
     0 | D:1      | nht the Hill Orc Assassin began the quest for the Orb.
     0 | D:1      | Reached XP level 1. HP: 18/18 MP: 1/1
   309 | D:1      | Reached XP level 2. HP: 10/25 MP: 2/2
   363 | D:1      | Reached skill level 3 in Fighting
   663 | D:1      | Reached XP level 3. HP: 22/31 MP: 3/3
  1054 | D:2      | Found a faded altar of an unknown god.
  1264 | D:2      | Noticed Terence
  1292 | D:2      | Killed Terence
  1292 | D:2      | Reached skill level 4 in Fighting
  1292 | D:2      | Reached XP level 4. HP: 25/40 MP: 4/4
  1575 | D:2      | You fall through a shaft for 2 floors!
  1589 | D:4      | Reached XP level 5. HP: 26/47 MP: 5/5
  1843 | D:4      | Reached skill level 5 in Fighting
  1953 | D:4      | Reached XP level 6. HP: 31/56 MP: 6/6
  2185 | D:3      | Found a sacrificial altar of Ru.
  2255 | D:3      | Found a hide-covered altar of Uskayaw.
  2255 | D:3      | Noticed a dagger
  2256 | D:3      | Noticed a dagger
  2613 | D:3      | HP: 1/57 [poisoned by a worker ant]
  2613 | D:3      | Slain by a worker ant

Vault maps used:
D:1:      lightli_arrival_statuegarden, corexii_leaking_fountain
D:2:      chequers_ecumenical_altar_simple, minmay_pentomino_o4, uniq_terence
D:3:      dancing_weapons_uskayaw, hangedman_ru_absence
D:4:      gammafunk_temple_overflow_forgotten, first_ration, chequers_big_river,
          nicolae_gozag_cash_rules_everything_around_me, uniq_eustachio

Skill      XL: |  1  2  3  4  5 |
---------------+----------------+-----
Throwing       | 2 3 4 |  4.2
Fighting       | 3 4 5 |  5.7
Short Blades   | |  2.0
Dodging        | |  0.7
Stealth        | |  3.2

Action                   |  1- 3 |  4- 6 || total
-------------------------+-------+-------++-------
Melee: Dagger            |   138 |   107 ||   245
 Fire: Blowgun           |     9 |    28 ||    37
Throw: Javelin           |       |     9 ||     9
  Use: Scroll            |     2 |     4 ||     6
       Potion            |       |     2 ||     2
 Stab: Sleeping          |     7 |     6 ||    13
       Distracted        |       |     1 ||     1
  Eat: Chunk             |     1 |     4 ||     5
Armor: Robe              |    35 |    30 ||    65
Dodge: Dodged            |    69 |    71 ||   140

Table legend:
 A = Non-vault XP
 B = Vault XP
 C = Vault XP percentage of total XP
 D = Non-vault monster count
 E = Vault monster count
 F = Vault count percentage of total count
                 A         B        C        D         E       F
            +---------+---------+-------+---------+---------+-------
      Total |     346 |      46 |  11.7 |      76 |       5 |   6.2
            +---------+---------+-------+---------+---------+-------
        D:1 |      40 |       0 |   0.0 |      25 |       0 |   0.0
        D:2 |      54 |      46 |  46.0 |      21 |       5 |  19.2
        D:3 |      73 |       0 |   0.0 |      18 |       0 |   0.0
        D:4 |     179 |       0 |   0.0 |      12 |       0 |   0.0
            +---------+---------+-------+---------+---------+-------
